MLB
PITTSBURGH PIRATES @ ST. LOUIS CARDINALS
03/23/2044
 
TOP OF THE 1ST
Pittsburgh Pirates batting - Pitching for St. Louis Cardinals : RHP Pete Rance
Pitching: RHP Pete Rance
Batting: LHB Pat Sutton 0-0: SINGLE (Line Drive, 6D, EV 96.9 MPH)
Batting: LHB Marc Carter 0-0: SINGLE (Line Drive, 34, EV 97.5 MPH)
Pat Sutton to second
Batting: RHB Mike Thornton 0-0: Swinging Strike
0-1: Ball
1-1: Swinging Strike
1-2: Ball
2-2: Foul Ball, location: 2F
2-2: Ball
3-2: Grounds into double play, 4-6-3 (Groundball, 4, EV 101.9 MPH)
Pat Sutton to third
Batting: RHB Mike Cochran 0-0: Ball
1-0: Called Strike
1-1: Ball
2-1: Swinging Strike
2-2: DOUBLE (Line Drive, 89XD, EV 110.6 MPH)
Pat Sutton scores
Batting: RHB Pedro Nin 0-0: Ball
1-0: Called Strike
1-1: SINGLE (Groundball, 25, EV 76.3 MPH) (infield hit)
Mike Cochran to third
Batting: RHB Kirk Seiffert 0-0: Ball
1-0: Called Strike
1-1: Called Strike
1-2: Foul Ball, location: 2F
1-2: Foul Ball, location: 2F
1-2: Ball
2-2: Strikes out swinging
Top of the 1st over - 1 run, 4 hits, 0 errors, 2 left on base; Pittsburgh 1 - St. Louis 0
BOTTOM OF THE 1ST
St. Louis Cardinals batting - Pitching for Pittsburgh Pirates : RHP Josh Allport
Pitching: RHP Josh Allport
Batting: LHB Tom Butterbaugh 0-0: Ball
1-0: Called Strike
1-1: Swinging Strike
1-2: Fly out, F8 (Flyball, 78XD, EV 96.3 MPH)
Batting: RHB Rick O'Reilly 0-0: Ball
1-0: Fly out, F8 (Flyball, 78D, EV 87.5 MPH)
Batting: LHB Alex Vargas 0-0: Called Strike
0-1: Ball
1-1: Ball
2-1: Ball
3-1: SINGLE (Popup, 3D, EV 49.4 MPH)
Batting: LHB John Blair 0-0: Called Strike
0-1: Called Strike
0-2: Foul Ball, location: 2F
0-2: Ball
1-2: SINGLE (Line Drive, 7S, EV 90.0 MPH)
Alex Vargas to second
Runner from 2nd tries for 3rd, OUT! 7-5
Bottom of the 1st over - 0 runs, 2 hits, 0 errors, 1 left on base; Pittsburgh 1 - St. Louis 0
TOP OF THE 2ND
Pittsburgh Pirates batting - Pitching for St. Louis Cardinals : RHP Pete Rance
Batting: RHB Toshimi Shishido 0-0: Ball
1-0: Fly out, F8 (Flyball, 8LM, EV 83.8 MPH)
Batting: RHB David Contreras 0-0: Swinging Strike
0-1: Ball
1-1: Foul Ball, location: 2F
1-2: Strikes out swinging
Batting: RHB Raul Mendoza 0-0: Ball
1-0: Foul Ball, location: 2F
1-1: Swinging Strike
1-2: Strikes out swinging
Top of the 2nd over - 0 runs, 0 hits, 0 errors, 0 left on base; Pittsburgh 1 - St. Louis 0
BOTTOM OF THE 2ND
St. Louis Cardinals batting - Pitching for Pittsburgh Pirates : RHP Josh Allport
Batting: LHB Zack Berney 0-0: Foul Ball, location: 2F
0-1: Ball
1-1: Swinging Strike
1-2: Ball
2-2: Ground out 4-3 (Groundball, 4, EV 84.4 MPH)
Batting: LHB Ben Rubenacker 0-0: Called Strike
0-1: Swinging Strike
0-2: Foul Ball, location: 2F
0-2: SINGLE (Groundball, 4D, EV 100.6 MPH)
Batting: RHB Pavpv Ivanushkin 0-0: Ball
1-0: Ball
2-0: Called Strike
2-1: Called Strike
2-2: Ball
3-2: Strikes out swinging
Batting: RHB Francisco Hernandez 0-0: Called Strike
0-1: Ball
1-1: Called Strike
1-2: Strikes out swinging
Bottom of the 2nd over - 0 runs, 1 hit, 0 errors, 1 left on base; Pittsburgh 1 - St. Louis 0
TOP OF THE 3RD
Pittsburgh Pirates batting - Pitching for St. Louis Cardinals : RHP Pete Rance
Batting: LHB Pat Sutton 0-0: Ball
1-0: Ball
2-0: Foul Ball, location: 2F
2-1: Ball
3-1: Foul Ball, location: 2F
3-2: Fly out, F7 (Flyball, 7D, EV 101.3 MPH)
Batting: LHB Marc Carter 0-0: Ball
1-0: Ball
2-0: Called Strike
2-1: Ball
3-1: Base on Balls
Batting: RHB Mike Thornton 0-0: Called Strike
0-1: Fly out, F8 (Line Drive, 8RM, EV 92.5 MPH)
Batting: RHB Mike Cochran 0-0: Called Strike
0-1: Swinging Strike
0-2: Ground out 4-3 (Groundball, 4, EV 102.5 MPH)
Top of the 3rd over - 0 runs, 0 hits, 0 errors, 1 left on base; Pittsburgh 1 - St. Louis 0
BOTTOM OF THE 3RD
St. Louis Cardinals batting - Pitching for Pittsburgh Pirates : RHP Josh Allport
Batting: LHB Tim Olsen 0-0: Ball
1-0: SOLO HOME RUN (Flyball, 9D, EV 98.8 MPH), Distance : 386 ft
Batting: LHB Tom Butterbaugh 0-0: Ball
1-0: Swinging Strike
1-1: Fly out, F7 (Flyball, 7LM, EV 75.0 MPH)
Batting: RHB Rick O'Reilly 0-0: Ball
1-0: Ball
2-0: Called Strike
2-1: Ground out U3 (Groundball, 34, EV 108.1 MPH)
Batting: LHB Alex Vargas 0-0: Fly out, F5 (Flyball, 56D, EV 90.0 MPH)
Bottom of the 3rd over - 1 run, 1 hit, 0 errors, 0 left on base; Pittsburgh 1 - St. Louis 1
TOP OF THE 4TH
Pittsburgh Pirates batting - Pitching for St. Louis Cardinals : RHP Pete Rance
Batting: RHB Pedro Nin 0-0: Called Strike
0-1: Swinging Strike
0-2: Ball
1-2: Ball
2-2: Fly out, F3 (Flyball, 3D, EV 70.6 MPH)
Batting: RHB Kirk Seiffert 0-0: Ball
1-0: Ground out 5-3 (Groundball, 56, EV 88.8 MPH)
Batting: RHB Toshimi Shishido 0-0: Ball
1-0: Ball
2-0: Ball
3-0: Base on Balls
Batting: RHB David Contreras 0-0: Ball
1-0: SINGLE (Flyball, 5D, EV 99.4 MPH)
Toshimi Shishido to second
Batting: RHB Raul Mendoza 0-0: Ball
1-0: Swinging Strike
1-1: Ground out 5-3 (Groundball, 56S, EV 74.4 MPH)
Top of the 4th over - 0 runs, 1 hit, 0 errors, 2 left on base; Pittsburgh 1 - St. Louis 1
BOTTOM OF THE 4TH
St. Louis Cardinals batting - Pitching for Pittsburgh Pirates : RHP Josh Allport
Batting: LHB John Blair 0-0: Ball
1-0: Swinging Strike
1-1: Ball
2-1: Ball
3-1: Called Strike
3-2: Base on Balls
Batting: LHB Zack Berney 0-0: Called Strike
0-1: Ball
John Blair is caught stealing 2nd base 2-6
1-1: Fly out, F4 (Flyball, 34D, EV 88.1 MPH)
Batting: LHB Ben Rubenacker 0-0: Called Strike
0-1: Fly out, F7 (Flyball, 7D, EV 103.1 MPH)
Bottom of the 4th over - 0 runs, 0 hits, 0 errors, 0 left on base; Pittsburgh 1 - St. Louis 1
TOP OF THE 5TH
Pittsburgh Pirates batting - Pitching for St. Louis Cardinals : RHP Pete Rance
Pitching: RHP Ben Cook
Batting: LHB Pat Sutton 0-0: Ball
1-0: Called Strike
1-1: Foul Ball, location: 2F
1-2: Strikes out swinging
Batting: LHB Marc Carter 0-0: Ball
1-0: Ball
2-0: Called Strike
2-1: Ball
3-1: Called Strike
3-2: Strikes out swinging
Batting: RHB Mike Thornton 0-0: Swinging Strike
0-1: Called Strike
0-2: Fly out, F8 (Flyball, 8LD, EV 95.6 MPH)
Top of the 5th over - 0 runs, 0 hits, 0 errors, 0 left on base; Pittsburgh 1 - St. Louis 1
BOTTOM OF THE 5TH
St. Louis Cardinals batting - Pitching for Pittsburgh Pirates : RHP Josh Allport
Pitching: RHP Curt Campbell
Batting: RHB Pavpv Ivanushkin 0-0: Foul Ball, location: 2F
0-1: Swinging Strike
0-2: Foul Ball, location: 2F
0-2: Ball
1-2: Ball
2-2: Foul Ball, location: 2F
2-2: Strikes out swinging
Batting: RHB Francisco Hernandez 0-0: Called Strike
0-1: Swinging Strike
0-2: Ball
1-2: Ball
2-2: Foul Ball, location: 2F
2-2: Ground out 5-3 (Groundball, 56, EV 86.9 MPH)
Batting: LHB Tim Olsen 0-0: Ball
1-0: SOLO HOME RUN (Flyball, 9D, EV 105.6 MPH), Distance : 407 ft
Batting: LHB Tom Butterbaugh 0-0: Foul Ball, location: 2F
0-1: Ball
1-1: Called Strike
1-2: Strikes out looking
Bottom of the 5th over - 1 run, 1 hit, 0 errors, 0 left on base; Pittsburgh 1 - St. Louis 2
TOP OF THE 6TH
Pittsburgh Pirates batting - Pitching for St. Louis Cardinals : RHP Ben Cook
Batting: RHB Mike Cochran 0-0: Ball
1-0: Ball
2-0: Ground out 6-3 (Groundball, 6MD, EV 78.8 MPH)
Batting: RHB Pedro Nin 0-0: Foul Ball, location: 2F
0-1: Ball
1-1: Ground out 5-3 (Groundball, 56S, EV 90.6 MPH)
Pinch Hitting: LHB Theodore Conboy 0-0: Ball
1-0: Ball
2-0: Ball
3-0: Called Strike
3-1: Swinging Strike
3-2: Base on Balls
Batting: RHB Toshimi Shishido 0-0: Called Strike
Theodore Conboy is caught stealing 2nd base 2-4
Top of the 6th over - 0 runs, 0 hits, 0 errors, 0 left on base; Pittsburgh 1 - St. Louis 2
BOTTOM OF THE 6TH
St. Louis Cardinals batting - Pitching for Pittsburgh Pirates : RHP Curt Campbell
Now at 3B: Tommie Eaton
Batting: RHB Rick O'Reilly 0-0: Ball
1-0: Swinging Strike
1-1: Fly out, F7 (Flyball, 7, EV 82.5 MPH)
Batting: LHB Alex Vargas 0-0: Called Strike
0-1: Called Strike
0-2: Strikes out looking
Batting: LHB John Blair 0-0: Ball
1-0: Called Strike
1-1: Called Strike
1-2: Foul Ball, location: 2F
1-2: Ball
2-2: Fly out, F6 (Flyball, 56D, EV 75.6 MPH)
Bottom of the 6th over - 0 runs, 0 hits, 0 errors, 0 left on base; Pittsburgh 1 - St. Louis 2
TOP OF THE 7TH
Pittsburgh Pirates batting - Pitching for St. Louis Cardinals : RHP Ben Cook
Batting: RHB Toshimi Shishido 0-0: Called Strike
0-1: Ground out 4-3 (Groundball, 4, EV 106.9 MPH)
Pinch Hitting: RHB Eisse Bravenboer 0-0: Ball
1-0: Called Strike
1-1: Foul Ball, location: 2F
1-2: Foul Ball, location: 2F
1-2: Ground out U3 (Groundball, 34S, EV 84.4 MPH)
Batting: RHB Raul Mendoza 0-0: Ball
1-0: Ball
2-0: Called Strike
2-1: SINGLE (Line Drive, 4MD, EV 102.5 MPH)
Pinch Hitting: RHB Steve Jordan 0-0: Fielders Choice at 2nd, U6 (Groundball, 6M, EV 87.5 MPH)
Top of the 7th over - 0 runs, 1 hit, 0 errors, 1 left on base; Pittsburgh 1 - St. Louis 2
BOTTOM OF THE 7TH
St. Louis Cardinals batting - Pitching for Pittsburgh Pirates : RHP Curt Campbell
Now at 2B: Eisse Bravenboer
Now at SS: Pedro Nin
Now in LF: Marc Carter
Now in CF: Steve Jordan
Batting: LHB Zack Berney 0-0: Ball
1-0: Ground out 4-3 (Groundball, 4, EV 79.4 MPH)
Batting: LHB Ben Rubenacker 0-0: Fly out, F8 (Flyball, 8LS, EV 87.5 MPH)
Batting: RHB Pavpv Ivanushkin 0-0: Ball
1-0: Ball
2-0: Called Strike
2-1: Ball
3-1: Called Strike
3-2: Base on Balls
Batting: RHB Francisco Hernandez 0-0: Ball
1-0: Called Strike
1-1: Ball
2-1: Foul Ball, location: 2F
2-2: Foul Ball, location: 2F
2-2: Foul Ball, location: 2F
2-2: SINGLE (Groundball, 4MD, EV 94.4 MPH)
Pavpv Ivanushkin to second
Runner from 2nd tries for 3rd, SAFE, throw by CF made to third
Batting: LHB Tim Olsen 0-0: Called Strike
0-1: Ball
1-1: Ball
2-1: Fly out, F8 (Flyball, 89XD, EV 96.9 MPH)
Bottom of the 7th over - 0 runs, 1 hit, 0 errors, 2 left on base; Pittsburgh 1 - St. Louis 2
TOP OF THE 8TH
Pittsburgh Pirates batting - Pitching for St. Louis Cardinals : RHP Ben Cook
Pitching: LHP Brad Jonas
Pinch Hitting: SHB Marvin McAleer 0-0: Ball
1-0: Ball
2-0: Foul Ball, location: 2F
2-1: Ball
3-1: Base on Balls
Batting: RHB Vincent Poopwell 0-0: Grounds into double play, 6-4-3 (Groundball, 6, EV 105.6 MPH)
Pinch Hitting: RHB Mike Bates 0-0: Called Strike
0-1: Ball
1-1: Called Strike
1-2: SINGLE (Flyball, 78S, EV 86.9 MPH)
Batting: RHB Pedro Nin 0-0: Ball
1-0: Called Strike
Mike Bates steals 2nd base (no throw)
1-1: Foul Ball, location: 2F
1-2: Ball
2-2: Fly out, F9 (Flyball, 9D, EV 74.4 MPH)
Top of the 8th over - 0 runs, 1 hit, 0 errors, 1 left on base; Pittsburgh 1 - St. Louis 2
BOTTOM OF THE 8TH
St. Louis Cardinals batting - Pitching for Pittsburgh Pirates : RHP Curt Campbell
Pitching: LHP Riichi Yamashita
Now at 1B: Mike Bates
Now in LF: Steve Jordan
Now in CF: Marvin McAleer
Pinch Hitting: RHB Eric Chotkowski 0-0: Called Strike
0-1: DOUBLE (Flyball, 8LXD, EV 105.0 MPH)
Pinch Hitting: RHB Dave Cluster 0-0: Called Strike
0-1: Ball
1-1: Called Strike
1-2: Ball
2-2: Strikes out swinging
Pinch Hitting: RHB Sergio Godinez 0-0: Intentional Walk
Pinch Hitting: RHB Nick Getz 0-0: Ball
1-0: Called Strike
1-1: Swinging Strike
1-2: Foul Ball, location: 2F
1-2: Ball
2-2: Ball
3-2: Foul Ball, location: 2F
3-2: Strikes out swinging
Batting: SHB Antoine Roux 0-0: SINGLE (Groundball, P, EV 89.4 MPH) (infield hit)
Eric Chotkowski to third
Sergio Godinez to second
Pinch Hitting: RHB Mark Cahill 0-0: Called Strike
0-1: Called Strike
0-2: Ball
Wild Pitch!
Eric Chotkowski scores
Sergio Godinez to third
Antoine Roux to second
1-2: Ball
2-2: Ball
3-2: Strikes out swinging
Bottom of the 8th over - 1 run, 2 hits, 0 errors, 2 left on base; Pittsburgh 1 - St. Louis 3
TOP OF THE 9TH
Pittsburgh Pirates batting - Pitching for St. Louis Cardinals : LHP Brad Jonas
Pitching: RHP Josh Sabatino
Now at C: Sergio Godinez
Now at 1B: Mark Cahill
Now at 3B: Eric Chotkowski
Now at SS: Dave Cluster
Now in RF: Nick Getz
Batting: RHB Tommie Eaton 0-0: Ball
1-0: Ball
2-0: Called Strike
2-1: Ball
3-1: SINGLE (Groundball, 4MD, EV 102.5 MPH) (infield hit)
Pinch Hitting: RHB Lupe Covarrubias 0-0: Called Strike
0-1: Foul Ball, location: 2F
0-2: Foul Ball, location: 2F
0-2: Foul Ball, location: 2F
0-2: Ball
1-2: Foul Ball, location: 2F
1-2: Foul Ball, location: 2F
1-2: SINGLE (Groundball, 25, EV 62.5 MPH) (infield hit)
Tommie Eaton to second
Batting: RHB Eisse Bravenboer 0-0: 3-RUN HOME RUN (Flyball, 9D, EV 97.5 MPH), Distance : 381 ft
Batting: RHB Raul Mendoza 0-0: Swinging Strike
0-1: Swinging Strike
0-2: Ball
1-2: Foul Ball, location: 2F
1-2: Ball
2-2: Ball
3-2: Base on Balls
Batting: RHB Steve Jordan 0-0: Ball
1-0: Sac Bunt to 2R - play at first, batter OUT! 2-4
Raul Mendoza to second
Batting: SHB Marvin McAleer 0-0: Intentional Walk
Batting: RHB Vincent Poopwell 0-0: Ball
Raul Mendoza steals 3rd base
Marvin McAleer to second
1-0: Intentional Walk
Batting: RHB Mike Bates 0-0: Called Strike
0-1: Swinging Strike
0-2: Foul Ball, location: 2F
0-2: Strikes out swinging
Batting: RHB Pedro Nin 0-0: Ball
1-0: Ball
2-0: Ball
3-0: Base on Balls
Raul Mendoza scores
Marvin McAleer to third
Vincent Poopwell to second
Pitching: RHP Matt Hamm
Batting: RHB Tommie Eaton 0-0: Ball
1-0: Called Strike
1-1: Swinging Strike
1-2: Strikes out swinging
Top of the 9th over - 4 runs, 3 hits, 0 errors, 3 left on base; Pittsburgh 5 - St. Louis 3
BOTTOM OF THE 9TH
St. Louis Cardinals batting - Pitching for Pittsburgh Pirates : LHP Riichi Yamashita
Pitching: LHP Jimmy Vanthournoutingtonle
Now at C: Lupe Covarrubias
Pinch Hitting: SHB Luke Robbins 0-0: Ground out 6-3 (Groundball, 6, EV 83.1 MPH)
Pinch Hitting: RHB Travis Leonard 0-0: Swinging Strike
0-1: Ball
1-1: Fly out, F6 (Flyball, 6D, EV 91.9 MPH)
Pinch Hitting: LHB Tommy Luce 0-0: Called Strike
0-1: Swinging Strike
0-2: Ball
1-2: Ball
2-2: Ball
3-2: Fly out, F9 (Flyball, 9D, EV 101.3 MPH)
Bottom of the 9th over - 0 runs, 0 hits, 0 errors, 0 left on base; Pittsburgh 5 - St. Louis 3
Thursday, March 31st , 2022 - OOTP Baseball 22.12 Build 89